 Dungeon Crawl Stone Soup version 0.31.0-32-g396128a36d (webtiles) character file.

Game seed: 6860469354006741085

19 H0rd4k the Charlatan (level 2, 0/19 HPs)
             Began as an Octopode Artificer on Mar 14, 2024.
             Slain by a rat (1 damage)
             ... on level 1 of the Dungeon.
             The game lasted 00:00:26 (222 turns).

H0rd4k the Charlatan (Octopode Artificer)            Turns: 222, Time: 00:00:26

Health: 0/19       AC:  1    Str: 11    XL:     2   Next: 75%
Magic:  2/2        EV: 13    Int: 13    God:
Gold:   16         SH:  0    Dex: 12    Spells: 1/1 levels left

rFire   . .          .
                       - Unarmed
rCold   . . .        (no shield)
rNeg    . . .        (helmet restricted)
rPois   .            (no amulet)
rElec   .            (no ring)
rCorr   .            (no ring)
SInv    .            (no ring)
Will    .....        (no ring)
Stlth   +++          (no ring)
HPRegen 0.23/turn    (no ring)
MPRegen 0.08/turn    (no ring)
                     (no ring)

%: no passive effects
@: no status effects
A: almost no armour, amphibious, 8 rings, camouflage 1, gelatinous body 1,
(nimble swimmer 1), tentacles
a: no special abilities


You were on level 1 of the Dungeon.
You visited 1 branch of the dungeon, and saw 1 of its levels.

You collected 16 gold pieces.

Inventory:

Wands
 b - a wand of flame (15) (quivered)
 c - a wand of charming (15)
 d - a wand of iceblast (5)
Scrolls
 a - a scroll of amnesia {unknown}
 e - a scroll of vulnerability {unknown}
Potions
 f - a potion of lignification {unknown}


   Skills:
 + Level 1.7 Fighting
 - Level 2.3 Dodging
 - Level 1.3 Stealth
 + Level 1.7 Unarmed Combat
 - Level 3.2 Evocations


You had one spell level left.
You didn't know any spells.
Your spell library contained the following spells:

 Spells                   Type           Power      Damage    Failure   Level
 Magic Dart               Conj           0%         1d3       30%         1
 Lesser Beckoning         Tloc           0%         N/A       43%         2
 Searing Ray              Conj           0%         2d4       43%         2
 Gell's Gravitas          Tloc           0%         N/A       67%         3
 Teleport Other           Tloc           0%         N/A       67%         3
 Fulminant Prism          Conj/Alch      0%         3d5       97%         4


Dungeon Overview and Level Annotations

Branches:
Dungeon (1/15)

Altars:


Innate Abilities, Weirdness & Mutations

You cannot wear most types of armour.
You are amphibious.
You can wear up to eight rings at the same time.
Your skin changes colour to match your surroundings (Stealth+).
Your rubbery body absorbs attacks. (AC +1, EV +1)
((You are camouflaged when in or above water. (Stealth+)))
You have tentacles for arms and can constrict up to eight enemies at once.


Message History

Things that are here:
a +0 short sword of speed; 4 stones You barely miss the quokka.
Your grab misses the quokka. Your squeeze misses the quokka.
The quokka bites you.
You tentacle-slap the goblin. You grab the goblin.
The goblin is severely wounded.
You constrict the goblin.
You kill the goblin!
The quokka closely misses you.
You closely miss the quokka. You grab the quokka.
You squeeze the quokka, but do no damage.
You constrict the quokka, but do no damage.
The giant cockroach misses you. The quokka misses you.
You tentacle-slap the quokka.
The quokka is lightly wounded.
You constrict the quokka, but do no damage.
The giant cockroach bites you. The quokka closely misses you.
A rat comes into view.
The rat squeaks loudly.
You tentacle-slap the quokka but do no damage.
You squeeze the quokka, but do no damage.
The quokka is lightly wounded.
You constrict the quokka. The giant cockroach barely misses you.
The quokka bites you. The quokka barely misses you.
The giant cockroach bites you but does no damage.
You completely miss the quokka.
The quokka is moderately wounded.
You constrict the quokka. The giant cockroach bites you. The quokka bites you.
* * * LOW HITPOINT WARNING * * *
You barely miss the quokka. You squeeze the quokka.
You kill the quokka!
The giant cockroach barely misses you.
You closely miss the giant cockroach. Your grab misses the giant cockroach.
The giant cockroach bites you.
* * * LOW HITPOINT WARNING * * *
You closely miss the giant cockroach. Your grab misses the giant cockroach.
The giant cockroach bites you.
* * * LOW HITPOINT WARNING * * *
The rat bites you.
You die...

....#
..##.....###.#
..#.###
.#.##8._..# #(#
......#
#.#.##.....# #.#
#####.. .
..#...8...##.# ##
#.#..###.[##.#
#.+#######+#)#
#.##..#....#.#
#.###.)..........#
#.....r@..#...####
......B...##.##
#..#########.# #
#.# ..# ###


You could see a giant cockroach and a rat.

Vanquished Creatures
  2 endoplasms (D:1)
  A giant cockroach (D:1)
  2 goblins (D:1)
  A hobgoblin (D:1)
  3 jackals (D:1)
  2 quokkas (D:1)
  A frilled lizard (D:1)
  3 kobolds (D:1)
15 creatures vanquished.

Notes
Turn   | Place    | Note
-------+----------+-------------------------------------------
     0 | D:1      | H0rd4k the Octopode Artificer began the quest for the Orb.
     0 | D:1      | Reached XP level 1. HP: 13/13 MP: 1/1
   101 | D:1      | Reached skill level 1 in Unarmed Combat
   101 | D:1      | Reached XP level 2. HP: 14/18 MP: 2/2
   157 | D:1      | Found a faded altar of an unknown god.
   222 | D:1      | Slain by a rat

Illustrated notes

Levels and vault maps discovered:
D:1:      dpeg_arrival_simpleton_a, layout_loops_ring,
          hellmonk_ecumenical_altar_slurped_away

Skill      XL: |  1 |
---------------+----+-----
Unarmed Combat | 1 |  1.7
Fighting       | |  1.7
Dodging        | |  2.3
Stealth        | |  1.3
Evocations     | |  3.2

Action                     || total
---------------------------++-------
  Melee: Unarmed           ||    36
         Constrict         ||    11
         Tentacles         ||    14
 Armour: Skin              ||    21
  Dodge: Dodged            ||    32
